 Dungeon Crawl Stone Soup version 0.30-a0-457-g4b7bca3bfa (webtiles) character file.

Game seed: 7244168328894274753

3927 Jackthecabe the Destroyer (level 9, -2/74 HPs)
             Began as a Demigod Conjurer on Dec 14, 2022.
             Slain by a skeletal warrior
             ... wielding a +0 dire flail
              (19 damage)
             ... on level 7 of the Dungeon.
             The game lasted 00:26:29 (11524 turns).

Jackthecabe the Destroyer (Demigod Conjurer)       Turns: 11524, Time: 00:26:29

Health: -2/74      AC: 10    Str:  8    XL:     9   Next: 70%
Magic:  4/19       EV: 13    Int: 38    God:
Gold:   421        SH:  5    Dex: 12    Spells: 6/17 levels left

rFire   . . .      SeeInvis +    t - +3 whip (venom)
rCold   . . .      Faith    .    (no shield)
rNeg    . . .      Spirit   .    O - +0 steam dragon scales
rPois   .          Reflect  +    P - +1 helmet
rElec   .          Harm     .    (no cloak)
rCorr   .          Rampage  .    (no gloves)
Will    .....                    k - +1 pair of boots
Stlth   ++........               m - amulet of reflection
HPRegen 0.32/turn                v - ring of see invisible
MPRegen 0.16/turn                I - +6 ring of intelligence

@: mighty, attractive
A: high MP 1, forlorn, divine attributes
a: no special abilities


You were on level 7 of the Dungeon.
You visited 1 branch of the dungeon, and saw 8 of its levels.
You also visited: Sewer.

You collected 497 gold pieces.
You spent 76 gold pieces at shops.


Innate Abilities, Weirdness & Mutations

You have an increased reservoir of magic. (+10% MP)
You shall have no god before yourself.
Your divine heritage dramatically boosts your attributes as you level up.


   Skills:
 - Level 5.0 Fighting
 - Level 4.0 Armour
 - Level 4.0 Dodging
 - Level 1.7 Stealth
 + Level 4.8 Spellcasting
 - Level 8.0 Conjurations
 - Level 6.0 Hexes
 + Level 0.0 Necromancy
 - Level 2.0 Evocations


You had 6 spell levels left.
You knew the following spells:

 Your Spells              Type           Power      Damage    Failure   Level
f - Fulminant Prism       Conj/Hex       29%        3d14      1%          4
m - Magic Dart            Conj           100%       1d8       1%          1
n - Dispel Undead         Necr           9%         3d8       34%         4
s - Searing Ray           Conj           100%       2d8       1%          2

Your spell library contained the following spells:

 Spells                   Type           Power      Damage    Failure   Level
 Kiss of Death            Conj/Necr      100%       2d13      1%          1
 Ensorcelled Hibernation  Hex/Ice        62%        N/A       1%          2
 Confusing Touch          Hex            53%        N/A       1%          3
 Dazzling Flash           Conj/Hex       100%       N/A       1%          3
 Stone Arrow              Conj/Erth      78%        3d11      1%          3
 Apportation              Tloc           18%        N/A       3%          1
 Necrotise                Necr           36%        1d5       3%          1
 Sandblast                Erth           18%        2d7       3%          1
 Summon Small Mammal      Summ           36%        N/A       3%          1
 Blink                    Tloc           18%        N/A       5%          2
 Passwall                 Tmut/Erth      7%         N/A       5%          2
 Iskenderun's Mystic Bla  Conj/Tloc      39%        2d9       7%          4
 Swiftness                Air            9%         N/A       11%         3
 Silence                  Hex/Air        15%        N/A       28%         5
 Animate Dead             Necr           9%         N/A       34%         4
 Manifold Assault         Tloc           9%         N/A       34%         4
 Agony                    Necr           9%         N/A       67%         5
 Haunt                    Necr/Summ      4%         N/A       100%        7
 Storm Form               Tmut/Air       4%         N/A       100%        7
 Infestation              Necr           4%         N/A       100%        8

Inventory:

Hand Weapons
 t - a +3 whip of venom (weapon)
Missiles
 r - 15 poisoned darts
 u - 2 throwing nets {=f}
Armour
 a - a +0 robe
 k - a +1 pair of boots (worn)
 o - the +3 leather armour of Cheibriados's Regard {rN+ Int+3}
   (You found it on level 3 of the Dungeon)

   Int:       It affects your intelligence (+3).
   rN:        It protects you from negative energy.
 N - a +0 helmet
 O - +0 steam dragon scales (worn)
 P - a +1 helmet (worn)
Jewellery
 m - an amulet of reflection (around neck)
 v - a ring of see invisible (left hand)
 C - a ring of ice
 I - a +6 ring of intelligence (right hand)
Wands
 H - a wand of roots (10)
 Q - a wand of mindburst (18)
Scrolls
 d - 2 scrolls of fear {unknown}
 g - 3 scrolls of magic mapping
 h - a scroll of enchant armour {unknown}
 j - 4 scrolls of teleportation {@r2}
 l - a scroll of noise {unknown}
 s - 2 scrolls of fog
 y - a scroll of amnesia {unknown}
 z - a scroll of brand weapon
 A - 3 scrolls of silence {!r}
 J - 2 scrolls of immolation {unknown}
 K - a scroll of blinking {unknown}
 L - a scroll of acquirement {unknown}
 M - a scroll of enchant weapon
Potions
 b - a potion of magic
 c - 4 potions of mutation
 e - 2 potions of might
 f - a potion of resistance {unknown}
 i - a potion of lignification {unknown}
 n - 2 potions of haste {unknown}
 p - 2 potions of curing {@q1}
 q - a potion of degeneration {unknown}
 w - 2 potions of heal wounds {@q2}
 x - 2 potions of cancellation {unknown}
 B - a potion of berserk rage {!q}
 E - a potion of flight {unknown}
 F - 2 potions of attraction
Miscellaneous
 D - a tin of tremorstones (2/2)

Dungeon Overview and Level Annotations

Branches:
Dungeon (8/15)             Temple (0/1) D:6           Sewer (visited)
   Lair: D:8-11

Shops:
D:4 *   D:5 * D:6

* #..###############'#
#>.[......# #.#
#..#..###.# #.#
#..##.###.# #.#
#.......#.# #.#
#.###.#.#.# #.#
#.......#.# #.#
#####.....# #.#
#.z@#.#...# #.#
#.###.#...### #.# #.#
#.#.....## #.# #.#
#.#.#.#..### #.#
###'###.#.#.##...###..
#.....#.#...####...###
#.....'...............
#.....#.#####....#####
#.....#.....'..).)....


You could see a skeletal warrior.


Message History

Aim: a skeletal warrior, wielding a +0 dire flail (heavily damaged, 100% to hit)
The skeletal warrior is dispelled!
The skeletal warrior hits you with a +0 dire flail!
Unknown command.
Casting: Dispel Undead (dangerous; 34% risk of failure)
Confirm with . or Enter, or press ? or * to list all spells.
You don't have enough magic to cast this spell.
Unknown command.
Unknown command.
You hit the skeletal warrior.
The skeletal warrior is severely damaged.
The skeletal warrior hits you with a +0 dire flail!
* * * LOW HITPOINT WARNING * * *
The skeletal warrior closely misses you.
Unknown command.
You hit the skeletal warrior but do no damage.
The skeletal warrior is severely damaged.
The skeletal warrior barely misses you.
You hit the skeletal warrior.
The skeletal warrior is almost destroyed.
You block the skeletal warrior's attack.
You hit the skeletal warrior.
The skeletal warrior is almost destroyed.
The skeletal warrior hits you with a +0 dire flail!!
* * * LOW HITPOINT WARNING * * *
Unknown command.
You hit the skeletal warrior but do no damage.
The skeletal warrior is almost destroyed.
The skeletal warrior hits you with a +0 dire flail!!
You die...

Skill      XL: |  1  2  3  4  5  6  7  8  9 |
---------------+----------------------------+-----
Spellcasting   | 2 3 4 |  4.8
Conjurations   | 4 5 6 8 |  8.0
Hexes          | 1 4 6 |  6.0
Fighting       | 3 4 5 |  5.0
Dodging        | 4 |  4.0
Armour         | 4 |  4.0
Evocations     | 1 2 |  2.0
Stealth        | |  1.7

Action                   |  1- 3 |  4- 6 |  7- 9 || total
-------------------------+-------+-------+-------++-------
Melee: Whip              |       |     2 |    68 ||    70
       Punch             |       |       |     1 ||     1
Throw: Throwing net      |       |       |     1 ||     1
 Cast: Magic Dart        |    92 |   180 |   184 ||   456
       Searing Ray       |     3 |    13 |    45 ||    61
       Fulminant Prism   |       |     1 |    26 ||    27
       Dispel Undead     |       |       |     4 ||     4
  Use: Potion            |       |       |     7 ||     7
       Scroll            |       |       |     9 ||     9
Armor: Robe              |       |     6 |    35 ||    41
       Steam dragon scal |       |       |    17 ||    17
Dodge: Dodged            |     3 |    13 |   138 ||   154
Block: Other             |       |       |    37 ||    37

Levels and vault maps discovered:
D:1:      amcnicky_arrival_blooded_trapdoor, layout_loops_corners
D:2:      layout_loops_ring
D:3:      lemuel_castle_with_subvaults [lemuel_castle_interior_carwin_3],
          layout_rooms, demons_altar, nicolae_ru_path_of_blood,
          marbit_many_paths
D:4:      layout_cave_pools, mainiacjoe_overflow_24_doors,
          nicolae_dithmenos_shadow_blocks, nicolae_shop_gadgets, uniq_edmund
D:5:      layout_loops_ring, lemuel_crystal_altar, serial_shops, shop,
          portal_sewer_entry_a
D:6:      layout_rooms, nicolae_yredelemnul_corpse_copse,
          mainiacjoe_overflow_brackets, minmay_temple_entry_stoned_glass,
          chequers_serial_rivers_small_3, nicolae_take_the_stairs,
          corexii_checkpoint_b
D:7:      layout_basic, uniq_maggie
D:8:      layout_loops_ring, mainiacjoe_overflow_alcove_3

Notes
Turn   | Place    | Note
-------+----------+-------------------------------------------
     0 | D:1      | Jackthecabe the Demigod Conjurer began the quest for the
                  | Orb.
     0 | D:1      | Reached XP level 1. HP: 14/14 MP: 5/5
   198 | D:1      | Reached skill level 2 in Spellcasting
   529 | D:1      | Reached XP level 2. HP: 20/20 MP: 3/7
   532 | D:1      | Learned a level 2 spell: Searing Ray
   938 | D:1      | Reached skill level 4 in Conjurations
  1560 | D:2      | Reached XP level 3. HP: 26/26 MP: 7/9
  2301 | D:3      | Identified the +3 leather armour of Cheibriados's Regard
                  | {rN+ Int+3}
  2405 | D:3      | Reached skill level 3 in Spellcasting
  2405 | D:3      | Reached XP level 4. HP: 33/33 MP: 1/11
  2410 | D:3      | Learned a level 4 spell: Fulminant Prism
  2836 | D:3      | Reached skill level 5 in Conjurations
  3043 | D:3      | Reached XP level 5. HP: 38/38 MP: 1/12
  3333 | D:3      | Reached skill level 6 in Conjurations
  3430 | D:3      | Reached skill level 1 in Hexes
  3536 | D:3      | Reached XP level 6. HP: 45/45 MP: 7/13
  3609 | D:3      | Reached skill level 2 in Hexes
  4349 | D:3      | Reached skill level 3 in Hexes
  5023 | D:3      | Reached skill level 4 in Hexes
  5249 | D:4      | Noticed Edmund
  5354 | D:4      | Reached XP level 7. HP: 37/50 MP: 6/14
  5416 | D:4      | Found Niudis's Gadget Gallery.
  5560 | D:4      | Reached skill level 5 in Hexes
  6309 | D:4      | HP: 3/39 [Edmund/+1 flail of draining (3)]
  6315 | D:4      | Killed Edmund
  6316 | D:4      | Reached skill level 6 in Hexes
  6316 | D:4      | Reached skill level 1 in Fighting
  6547 | D:5      | Entered Level 5 of the Dungeon
  6547 | D:5      | Found a glowing drain.
  6934 | D:5      | Reached skill level 2 in Fighting
  6942 | Sewer    | Entered a sewer
  7084 | Sewer    | Reached skill level 3 in Fighting
  7378 | D:5      | Reached XP level 8. HP: 63/63 MP: 9/15
  7518 | D:5      | Found Veomimme's General Store.
  7526 | D:5      | Bought a scroll of identify for 20 gold pieces
  7526 | D:5      | Bought a scroll of identify for 20 gold pieces
  7565 | D:5      | Reached skill level 4 in Fighting
  7565 | D:5      | Reached skill level 2 in Dodging
  7852 | D:6      | Reached skill level 3 in Dodging
  7962 | D:5      | Reached skill level 4 in Dodging
  8120 | D:6      | Reached skill level 1 in Armour
  8363 | D:6      | Found Garep's Assorted Antiques.
  8382 | D:6      | Reached skill level 2 in Armour
  8459 | D:6      | Reached skill level 3 in Armour
  8784 | D:6      | Reached skill level 4 in Armour
  9103 | D:6      | Found a staircase to the Ecumenical Temple.
  9645 | D:7      | Reached skill level 4 in Spellcasting
  9686 | D:7      | Reached skill level 1 in Evocations
  9686 | D:7      | Reached XP level 9. HP: 71/71 MP: 5/18
  9825 | D:7      | Reached skill level 2 in Evocations
  9939 | D:7      | Noticed Maggie
  9945 | D:7      | Killed Maggie
 10105 | D:7      | Reached skill level 7 in Conjurations
 10719 | D:8      | Reached skill level 8 in Conjurations
 11001 | D:8      | Reached skill level 5 in Fighting
 11306 | D:8      | Noticed a skeletal warrior
 11306 | D:8      | Noticed a skeletal warrior
 11306 | D:8      | Noticed a skeletal warrior
 11502 | D:6      | Bought a scroll labelled YNLESO POVI for 18 gold pieces
 11502 | D:6      | Bought a scroll labelled CAANGO TADUAXU for 18 gold pieces
 11510 | D:6      | Learned a level 4 spell: Dispel Undead
 11524 | D:7      | Slain by a skeletal warrior

Vanquished Creatures
  Maggie (D:7)
  A hornet (D:8)
  A wyvern (D:8)
  A steam dragon (D:7)
  Edmund (D:4)
  2 water moccasins
  An orc warrior (D:6)
  2 sky beasts
  An ogre (D:6)
  A phantom (D:6)
  A bullfrog (D:7)
  6 necrophages
  A gnoll sergeant (D:8)
  A water moccasin zombie (D:6)
  9 howler monkeys
  4 hounds
  2 bullfrog zombies (D:6)
  3 centaur zombies (D:6)
  A jelly (D:6)
  3 iron imps (D:3)
  7 orc priests
  10 orc wizards
  5 iguanas
  A killer bee zombie (D:6)
  27 gnolls
  5 adders
  A river rat (D:4)
  A shadow imp (D:8)
  A white imp (D:6)
  An ufetubus (D:5)
  2 worms
  4 dart slugs
  51 orcs
  6 ball pythons
  11 bats
  7 endoplasms
  2 giant cockroaches (D:1)
  7 goblins
  4 hobgoblins
  15 jackals
  7 kobolds
  2 quokkas
  5 frilled lizards
  4 rats
229 creatures vanquished.

Vanquished Creatures (others)
  27 fulminant prisms
  A plant (D:3)
28 creatures vanquished.

Grand Total: 257 creatures vanquished

Table legend: (Time is in decaauts)
 A = Elapsed time spent in this place.
 B = Non-inter-level travel time spent in this place.
 C = Inter-level travel time spent in this place.
 D = Time resting spent in this place.
 E = Time spent auto-exploring this place.
 F = Levels seen in this place.
 G = Mean time per level.
                   A        B        C        D        E       F      G
               +--------+--------+--------+--------+--------+-----+--------+
         Total |  11569 |  11150 |    419 |   2372 |   7017 |   9 | 1285.4 |
       Dungeon |  11351 |  10932 |    419 |   2342 |   6893 |   8 | 1418.9 |
         Sewer |    217 |    217 |      0 |     30 |    124 |   1 |  217.0 |
               +--------+--------+--------+--------+--------+-----+--------+

Top non-repeatable levels by time:
     D:3: 3175 daAuts
     D:4: 1617 daAuts
     D:6: 1318 daAuts
     D:5: 1284 daAuts
     D:1: 1213 daAuts
     D:7: 1168 daAuts
     D:2: 923 daAuts
     D:8: 651 daAuts
   Sewer: 217 daAuts

Table legend:
 A = Non-vault XP
 B = Vault XP
 C = Vault XP percentage of total XP
 D = Non-vault monster count
 E = Vault monster count
 F = Vault count percentage of total count
                 A         B        C        D         E       F
            +---------+---------+-------+---------+---------+-------
      Total |    3873 |    1738 |  31.0 |     151 |      78 |  34.1
            +---------+---------+-------+---------+---------+-------
        D:1 |      33 |       0 |   0.0 |      19 |       0 |   0.0
        D:2 |      32 |       0 |   0.0 |      13 |       0 |   0.0
        D:3 |      81 |     665 |  89.1 |      15 |      55 |  78.6
        D:4 |     410 |     189 |  31.6 |      27 |       4 |  12.9
        D:5 |     563 |       2 |   0.4 |      17 |       2 |  10.5
        D:6 |     748 |     337 |  31.1 |      21 |       9 |  30.0
        D:7 |     610 |     389 |  38.9 |      11 |       1 |   8.3
        D:8 |    1396 |       0 |   0.0 |      28 |       0 |   0.0
      Sewer |       0 |     156 | 100.0 |       0 |       7 | 100.0
            +---------+---------+-------+---------+---------+-------
